 Dungeon Crawl Stone Soup version 0.23.2-33-g5129a83184 (webtiles) character file.

Game seed: 11321730275398827448

142 H0rd4k the Charlatan (level 5, -3/37 HPs)
             Began as a Human Artificer on July 26, 2019.
             Slain by a hound (6 damage)
             ... on level 4 of the Dungeon.
             The game lasted 00:02:39 (1883 turns).

H0rd4k the Charlatan (Human Artificer)              Turns: 1883, Time: 00:02:40

Health: -3/37      AC:  3    Str: 13    XL:     5   Next: 49%
Magic:  7/7        EV: 12    Int: 12    God:
Gold:   90         SH:  0    Dex: 13    Spells: 4/4 levels left

rFire    . . .     SeeInvis .   a - +0 short sword
rCold    . . .     Gourm    .   (no shield)
rNeg     . . .     Faith    .   b - +0 leather armour
rPois    .         Spirit   .   (no helmet)
rElec    .         Reflect  .   (no cloak)
rCorr    .         Harm     .   (no gloves)
MR       .....                  (no boots)
Stlth    ++........             o - amulet of the acrobat
HPRegen  0.12/turn              (no ring)
MPRegen  0.10/turn              (no ring)

@: no status effects
A: no striking features
a: no special abilities


You were on level 4 of the Dungeon.
You were not hungry.

You visited 1 branch of the dungeon, and saw 4 of its levels.

You collected 90 gold pieces.

Inventory:

Hand Weapons
 a - a +0 short sword (weapon)
Missiles
 p - 2 curare-tipped needles
Armour
 b - a +0 leather armour (worn)
 s - a +0 helmet
Jewellery
 o - an amulet of the acrobat (around neck)
Wands
 c - a wand of flame (5)
 d - a wand of enslavement (14)
 e - a wand of random effects (8)
Scrolls
 i - a scroll of fear {unknown}
 k - 2 scrolls of blinking {unknown}
 l - a scroll of amnesia {unknown}
 m - a scroll of fog {unknown}
 n - a scroll of identify {unknown}
 q - a scroll of magic mapping {unknown}
 r - 2 scrolls of remove curse {unknown}
Potions
 g - 4 potions of haste {unknown}
 h - a potion of resistance {unknown}
 j - a potion of heal wounds {unknown}
Comestibles
 f - 6 rations


   Skills:
 + Level 1.4 Fighting
 + Level 2.5 Short Blades
 + Level 1.7 Armour
 + Level 2.8 Dodging
 + Level 1.7 Stealth
 + Level 3.8 Evocations


You had 4 spell levels left.
You didn't know any spells.
Your spell library was empty.

Dungeon Overview and Level Annotations

Branches:
Dungeon (4/15)
 Temple: D:4-7

Altars:

Annotations:
D:3 exclusion: upstairs, Grinder
D:4 exclusion: upstairs


Message History

You hit the hound but do no damage.
The hound is severely wounded.
The hound bites you. x2
* * * LOW HITPOINT WARNING * * *
You barely miss the hound.
The hound is severely wounded.
The hound closely misses you.
You barely miss the hound.
The hound is severely wounded.
The hound bites you.
* * * LOW HITPOINT WARNING * * *
The hound misses you.
You hit the hound.
The hound is almost dead.
The hound bites you.
* * * LOW HITPOINT WARNING * * *
You hit the hound.
The hound is almost dead.
The hound misses you. The hound bites you.
You die...

#.#### #.# #....# #.#
####.# #.# ##### #.# #.#
# .....
##########.###.#### .
......+..................
.
......##.............####
# ............####.#####
#.......<...h@...#
##....?......#####
#...........#
#...........#
#...........#
#...........# #
#............# #
.............# # #


You could see a hound.

Vanquished Creatures
  4 worker ants (D:4)
  A gnoll (D:1)
  3 dart slugs
  2 leopard geckos (D:1)
  3 orcs (D:3)
  2 bats
  3 giant cockroaches
  2 hobgoblins
  4 jackals (D:1)
  A frilled lizard (D:1)
  3 goblins (D:1)
  A kobold (D:2)
  5 rats
34 creatures vanquished.

Vanquished Creatures (collateral kills)
  A goblin (D:1)
1 creature vanquished.

Grand Total: 35 creatures vanquished

Notes
Turn   | Place    | Note
-------+----------+-------------------------------------------
     0 | D:1      | H0rd4k the Human Artificer began the quest for the Orb.
     0 | D:1      | Reached XP level 1. HP: 15/15 MP: 3/3
    68 | D:1      | Reached XP level 2. HP: 14/21 MP: 4/4
   252 | D:1      | HP: 1/21 [gnoll/+0 flail (3)]
   654 | D:1      | Reached XP level 3. HP: 20/26 MP: 5/5
  1288 | D:3      | Noticed Grinder
  1399 | D:4      | Reached skill level 1 in Armour
  1399 | D:4      | Reached XP level 4. HP: 21/32 MP: 6/6
  1678 | D:4      | Reached XP level 5. HP: 34/37 MP: 7/7
  1883 | D:4      | Slain by a hound

Skill      XL: |  1  2  3 |
---------------+----------+-----
Short Blades   | 2 |  2.5
Armour         | 1 |  1.7
Fighting       | |  1.4
Dodging        | |  2.8
Stealth        | |  1.7
Evocations     | |  3.8

Action                   |  1- 3 |  4- 6 || total
-------------------------+-------+-------++-------
Melee: Short sword       |   119 |    40 ||   159
Evoke: Wand              |    10 |     8 ||    18
 Stab: Sleeping          |     1 |       ||     1
       Paralysed         |       |     4 ||     4
  Eat: Chunk             |     2 |     1 ||     3
Armor: Leather armour    |    29 |     5 ||    34
Dodge: Dodged            |    87 |    26 ||   113
